 Dungeon Crawl Stone Soup version 0.20-a0-256-gabb291d (webtiles) character file.

202 wazuzu the Poker (level 5, -2/41 HPs)
             Began as a Centaur Gladiator on Dec 1, 2016.
             Slain by a river rat (6 damage)
             ... summoned by Eustachio
             ... on level 4 of the Dungeon.
             The game lasted 00:08:10 (5006 turns).

wazuzu the Poker (Centaur Gladiator)                Turns: 5006, Time: 00:08:10

Health: -2/41      AC:  9    Str: 18    XL:     5   Next: 50%
Magic:  5/5        EV: 14    Int:  7    God:
Gold:   118        SH:  0    Dex: 15    Spells: 4/4 levels left

rFire  . . .     SeeInvis .     a - +0 trident
rCold  . . .     Gourm    +     b - +3 ring mail
rNeg   . . .     Faith    .     (no shield)
rPois  .         Spirit   .     c - +0 helmet
rElec  .         Reflect  .     (no cloak)
rCorr  .         Harm     .     (no gloves)
MR     .....                    (no barding)
Stlth  +.........               p - amulet of the gourmand
                                (no ring)
                                (no ring)

@: agile, very quick
A: hooves 3, deformed body, speed 2, tough skin 3
a: no special abilities


You were on level 4 of the Dungeon.
You were very full.

You visited 2 branches of the dungeon, and saw 5 of its levels.

You collected 118 gold pieces.

Inventory:

Hand Weapons
 a - a +0 trident (weapon)
Missiles
 d - 3 throwing nets (quivered)
 g - 33 arrows
Armour
 b - a +3 ring mail (worn)
 c - a +0 helmet (worn)
Jewellery
 p - an amulet of the gourmand (around neck)
 v - a cursed amulet of magic regeneration {unknown}
Wands
 w - a wand of confusion (46/48)
 B - a wand of paralysis (16/24)
Scrolls
 e - a scroll of recharging
 j - a scroll of fog {unknown}
 n - 2 scrolls of remove curse {unknown}
 r - a scroll of blinking {unknown}
 u - a scroll of enchant weapon {unknown}
 y - a scroll of teleportation {unknown}
 A - a scroll of identify
 C - 2 scrolls of magic mapping {unknown}
 E - a scroll of noise {unknown}
Potions
 h - a potion of flight {unknown}
 i - a potion of beneficial mutation {unknown}
 k - 2 potions of agility
 m - a potion of brilliance {unknown}
 o - a potion of curing {unknown}
 s - 2 potions of heal wounds {unknown}
 t - a potion of lignification {unknown}
 x - a potion of mutation {unknown}
 z - a potion of degeneration {unknown}
 F - 2 potions of cancellation {unknown}
Comestibles
 f - 2 bread rations
 l - 2 beef jerkies
 q - a royal jelly
 D - a meat ration
 G - a chunk of flesh


   Skills:
 - Level 2.0 Fighting
 + Level 5.7 Polearms
 - Level 2.1 Throwing
 - Level 2.1 Dodging


You had 4 spell levels left.
You didn't know any spells.

Dungeon Overview and Level Annotations

Branches:
Dungeon (4/15)             Temple (1/1) D:4

Altars:
Cheibriados
Dithmenos
Elyvilon
Fedhas
Gozag
Hepliaklqana
Kikubaaqudgha
Okawaru
Qazlal
Ru
Trog
Vehumet
Xom
Zin
The Shining One

Annotations:
D:4 Eustachio


Innate Abilities, Weirdness & Mutations

You have hooves in place of feet.
Armour fits poorly on your strangely shaped body.
You cover ground very quickly.
You have extremely tough skin. (AC +3)


Message History

The bat hits you but does no damage.
Eustachio mumbles some strange words.
You puncture Eustachio! You kick Eustachio.
Eustachio is almost dead.
The bat hits you but does no damage. The quokka barely misses you.
Eustachio mumbles some strange words.
Eustachio blinks!
The river rat bites you.
* * * LOW HITPOINT WARNING * * *
You closely miss the bat. Your kick misses the bat.
The bat hits you but does no damage. The river rat bites you!
* * * LOW HITPOINT WARNING * * *
You barely miss the quokka. Your kick misses the quokka.
Eustachio gestures wildly while chanting.
The quokka bites you but does no damage.
The river rat misses you.
You hit the quokka but do no damage.
Eustachio casts a spell.
Eustachio blinks!
The quokka completely misses you. The river rat bites you.
You die...

### # ..# #.
#.# #.## #.#
.ยง(### #.#
#...# #.#
#55.###.######
#..br@rr.....#
#...###.####.#
#.......# #.#
......######
#.#### #####.
#.##.## #+
##.#...##
#.......##
#........#
#.......##


You could see a river rat, 2 shadow imps, a quokka, a bat and a rat.

Vanquished Creatures
  A worker ant (D:4)
  12 adders
  A worm (D:2)
  4 dart slugs
  4 leopard geckos
  3 giant cockroaches
  6 goblins
  8 hobgoblins
  4 ball pythons
  8 bats
  8 frilled lizards
  2 kobolds (D:1)
  A quokka skeleton (D:4)
  4 rats
66 creatures vanquished.

Notes
Turn   | Place    | Note
-------+----------+-------------------------------------------
     0 | D:1      | wazuzu the Centaur Gladiator began the quest for the Orb.
     0 | D:1      | Reached XP level 1. HP: 17/17 MP: 1/1
     2 | D:1      | Noticed a demigod
     2 | D:1      | Noticed an elf
     4 | D:1      | Noticed a formicid
     7 | D:1      | Noticed a vampire
     7 | D:1      | Noticed an octopode
     9 | D:1      | Noticed a draconian
     9 | D:1      | Noticed a ghoul
    11 | D:1      | Noticed a dwarf
    13 | D:1      | Noticed a gargoyle
    15 | D:1      | Noticed a human
    15 | D:1      | Noticed a merfolk
    17 | D:1      | Noticed a demonspawn
    17 | D:1      | Noticed a minotaur
    19 | D:1      | Noticed a vine stalker
    21 | D:1      | Noticed an ogre
    21 | D:1      | Noticed a tengu
    23 | D:1      | Noticed a halfling
    23 | D:1      | Noticed a troll
    25 | D:1      | Noticed a felid
    25 | D:1      | Noticed a spriggan
    27 | D:1      | Noticed a naga
    27 | D:1      | Noticed a centaur
   161 | D:1      | Reached skill level 3 in Polearms
   741 | D:1      | Reached XP level 2. HP: 17/24 MP: 2/2
  1107 | D:2      | Found a faded altar of an unknown god.
  1267 | D:2      | Reached XP level 3. HP: 10/29 MP: 3/3
  1830 | D:2      | Reached skill level 4 in Polearms
  2346 | D:2      | Found a blossoming altar of Fedhas.
  2432 | D:2      | Reached XP level 4. HP: 36/36 MP: 4/4
  3449 | D:3      | Noticed Terence
  3471 | D:3      | Reached skill level 5 in Polearms
  3766 | D:3      | Reached XP level 5. HP: 38/41 MP: 5/5
  4076 | D:3      | Found a radiant altar of Vehumet.
  4436 | D:4      | Found a staircase to the Ecumenical Temple.
  4440 | Temple   | Entered the Ecumenical Temple
  4969 | D:4      | Noticed Eustachio
  5006 | D:4      | Slain by a river rat

Vault maps used:
D:1:      kb_arrival_jail
D:2:      overflow_temple_1_default, chequers_ecumenical_altar_simple_redux,
          kennysheep_generic_room_7
D:3:      lemuel_doored_altar, uniq_terence
D:4:      grunt_decor_resistance, uniq_eustachio
Temple:   nicolae_temple_figure_eight

Skill      XL: |  1  2  3  4 |
---------------+-------------+-----
Polearms       | 3 4 5 |  5.7
Fighting       | |  2.0
Throwing       | |  2.1
Dodging        | |  2.1

Action                   |  1- 3 |  4- 6 || total
-------------------------+-------+-------++-------
Melee: Trident           |   157 |   130 ||   287
       Kick              |    22 |    23 ||    45
  Use: Scroll            |       |     4 ||     4
       Potion            |       |     1 ||     1
  Eat: Chunk             |    14 |     6 ||    20
Armor: Leather armour    |    60 |       ||    60
       Robe              |       |    20 ||    20
       Ring mail         |       |    22 ||    22
Dodge: Dodged            |    69 |    76 ||   145
